 Dungeon Sprint DCSS version 0.17-a0-1830-g81820eb (webtiles) character file.

58 nuthulu the Covered (level 4, -3/31 HPs)
             Began as a Gargoyle Fighter on Sept 13, 2015.
             Slain by a water elemental (10 damage)
             ... in the Dungeon (Sprint III: "The Ten Rune Challenge").
             The game lasted 00:02:05 (443 turns).

nuthulu the Covered (Gargoyle Fighter)               Turns: 443, Time: 00:02:05

Health: -3/31      AC: 12    Str: 19    XL:     4   Next: 1%
Magic:  4/4        EV:  7    Int:  9    God:
Gold:   20         SH:  9    Dex: 10    Spells: 0 memorised, 3 levels left

rFire  . . .     SeeInvis .     a - +0 flail
rCold  . . .     Clarity  +     b - +0 scale mail
rNeg   + . .     SustAt   .     c - +0 shield
rPois  ∞         Gourm    .     (no helmet)
rElec  +         Spirit   .     d - +0 cloak
rCorr  .         Warding  .     (no gloves)
rMut   .         NoTele   +     (no boots)
MR     .....                    (no amulet)
Stlth  +.........               (no ring)
                                l - ring of stealth

@: very slightly contaminated, hasted, very quick, not resistant to hostile
enchantments, very unstealthy
A: hooves 1, clarity, mutation resistance 1, negative energy resistance 1,
electricity resistance, unbreathing, petrification resistance, rot immunity, AC
+3
a: no special abilities


You were in the Dungeon.
You were not hungry.

You visited 1 branch You collected 20 gold pieces.

Inventory:

Hand weapons
 a - a +0 flail (weapon)
Armour
 b - a +0 scale mail (worn)
 c - a +0 shield (worn)
 d - a +0 cloak (worn)
Jewellery
 l - a ring of stealth (left hand)
Scrolls
 k - a scroll of blinking
 o - 2 scrolls of holy word {unknown}
 p - 2 scrolls of remove curse {unknown}
 t - a scroll of enchant armour {unknown}
Potions
 f - 2 potions of curing
 g - 2 potions of heal wounds
 i - 2 potions of magic
 j - a potion of berserk rage
 m - a potion of flight
 n - a potion of mutation
 r - a potion of cure mutation {unknown}
Comestibles
 e - a bread ration
 q - 2 meat rations


   Skills:
 + Level 5.2 Fighting
 + Level 4.0 Maces & Flails
 + Level 5.3 Armour
 + Level 5.2 Shields


You had 3 spell levels left.
You didn't know any spells.

Dungeon Overview and Level Annotations

Branches:
Dungeon (1/1)

Altars:


Innate Abilities, Weirdness & Mutations

You are resistant to torment.
Your stone body is resilient (AC +3).
You are immune to poison.
You resist negative energy.
You are resistant to electric shocks.
You can survive without breathing.
You are immune to petrification.
You are immune to rotting.
You have large cloven feet.
You possess an exceptional clarity of mind.
You are somewhat resistant to further mutation.


Message History

The water elemental barely misses you.
Drink which item? (? for menu, Esc to quit)
You feel much better.
You completely miss the water elemental.
Your kick misses the water elemental.
The water elemental is heavily damaged.
The water elemental hits you!
* * * LOW HITPOINT WARNING * * *
The water elemental engulfs you in water!
With effort, you pull free of the water engulfing you.
The water engulfing you falls away.
You hit the water elemental.
You kick the water elemental, but do no damage.
The water elemental is almost destroyed.
The water elemental barely misses you.
You barely miss the water elemental.
You kick the water elemental, but do no damage.
The water elemental is almost destroyed.
The water elemental hits you!
You die...

▓..#..#....♣.♣ ♣.#
▓#+####......♣ ♣.#
▓.....#....≈.♣♣♣♣.###+#+#
▓.....#...≈≈♣♣....#......
▓.....#..≈≈≈≈♣....'.⌠....
▓####+#).≈≈≈≈≈≈♣♣.#...###
▓.....#.≈≈≈≈≈≈....# ⌠.#
▓.....#.≈≈≈≈≈..E..# .#
▓.....#.≈≈≈....@..# #
▓+#####...........#
▓...÷.............#
▓▓▓▓▓▓▓▓▓▓▓▓▓▓▓▓▓▓▓


You could see a water elemental.

Vanquished Creatures
  Crazy Yiuf (D)
  A human (D)
  2 oozes (D)
  2 rats (D)
6 creatures vanquished.

Vanquished Creatures (others)
  2 draconian scorchers (D)
  Nessos (D)
  A yaktaur (D)
4 creatures vanquished.

Grand Total: 10 creatures vanquished

Notes
Turn   | Place    | Note
--------------------------------------------------------------
     0 | D        | nuthulu the Gargoyle Fighter began the quest for the Orb.
     0 | D        | Reached XP level 1. HP: 14/14 MP: 1/1
    10 | D        | Reached skill level 4 in Fighting
    10 | D        | Reached XP level 2. HP: 13/20 MP: 2/2
   168 | D        | Killed a yaktaur
   171 | D        | Reached XP level 3. HP: 14/24 MP: 3/3
   218 | D        | Killed a white draconian scorcher
   257 | D        | Killed a white draconian scorcher
   283 | D        | Noticed Crazy Yiuf
   292 | D        | Killed Crazy Yiuf
   292 | D        | Reached skill level 5 in Fighting
   292 | D        | Reached skill level 5 in Armour
   292 | D        | Reached skill level 5 in Shields
   292 | D        | Reached XP level 4. HP: 28/31 MP: 4/4
   403 | D        | Gained mutation: You are somewhat resistant to further mutation. [potion of mutation]
   403 | D        | Gained mutation: You possess an exceptional clarity of mind. [potion of mutation]
   403 | D        | Gained mutation: You have large cloven feet. [potion of mutation]
   404 | D        | Killed Nessos
   421 | D        | Noticed a water elemental
   443 | D        | Slain by a water elemental

Vault maps used:
D:        dungeon_sprint_mu

Action                   |  1- 3 |  4- 6 || total
-------------------------+-------+-------++-------
Melee: Flail             |    28 |    11 ||    39
  Use: Potion            |     1 |     3 ||     4
       Scroll            |       |     2 ||     2
